AoeStats
← Chigüiro

Black Forest

508988685Analyzed
4v4 RM · 8d ago on Sep 25, 2026· 31m 21s· 8 players
Game mode
Random Map
Map size
Large (8 player)
Population
200
Speed
Normal
Resources
Standard
Victory
Conquest
Starting age
Dark Age
Ending age
Imperial Age
RankedLock teamsTeams togetherTeam positionsShared explorationLock speedFull tech treeHidden civsTurbo modeCheats
Victory
Defeat
🇷🇺 Mongols · Russia
1903
+4
🇦🇷 Slavs · Argentina
1857
+5
🇲🇽 Armenians · Mexico
1807
+7
🇺🇸 Britons · United States
1722
+9
🇵🇪 Spanish · Peru
1608
-7
🇦🇺 Maya · Australia
1595
-7
🇺🇸 Celts · United States
1579
-6
🇨🇴 Dravidians · Colombia
1512
-5
_LZ_
0:58 Loom
12:14 Feudal Age
16:42 Castle Age
15:23 Double-Bit Axe
16:01 Horse Collar
20:32 Fletching
24:15 Bow Saw
24:35 Fishing Lines
29:58 Imperial Age
28:09 Wheelbarrow
28:06 Gillnets
28:28 Gold Mining
28:47 Bodkin Arrow
30:27 Stone Mining
30:45 Bracer
31:39 Hand Cart
31:12 Town Watch
Ux'LobodeLaNieve
11:57 Feudal Age
15:32 Castle Age
13:51 Double-Bit Axe
17:36 Bow Saw
18:16 Horse Collar
22:28 Wheelbarrow
22:24 Fishing Lines
22:55 Bow Saw
23:29 Hand Cart
24:34 Gillnets
28:11 Imperial Age
26:02 Gold Mining
26:09 Stone Mining
26:20 Heavy Plow
26:11 Fletching
27:53 Gold Shaft Mining
27:16 Bodkin Arrow
27:43 Ballistics
27:45 Padded Archer Armor
27:43 Loom
27:44 Town Watch
29:05 Leather Archer Armor
29:14 Bracer
30:15 Chemistry
30:23 Redemption
30:34 Block Printing
30:32 Fervor
30:50 Illumination
30:36 Fervor
30:46 Sanctity
30:25 Herbal Medicine
31:08 Theocracy
31:19 Fervor
31:51 Illumination
31:48 Sanctity
31:24 Herbal Medicine
32:05 Theocracy
31:45 Masonry
31:46 Devotion
32:11 Conscription
31:14 Elite Composite Bowman
Eugenius
0:29 Loom
10:08 Feudal Age
10:12 Man-at-Arms
13:39 Double-Bit Axe
17:06 Fletching
23:04 Castle Age
21:23 Padded Archer Armor
22:25 Gold Mining
22:43 Horse Collar
23:57 Bow Saw
23:50 Bodkin Arrow
24:39 Crossbowman
30:40 Stone Mining
31:44 Wheelbarrow
Gary_zZ
11:53 Feudal Age
12:59 Fishing Lines
15:26 Castle Age
13:47 Double-Bit Axe
17:12 Bow Saw
16:59 Gillnets
22:30 Horse Collar
24:26 Wheelbarrow
24:47 Gold Mining
24:48 Stone Mining
28:25 Imperial Age
26:19 Hand Cart
25:50 Loom
26:24 Heavy Plow
26:43 Scale Mail Armor
26:53 Forging
27:24 Gold Shaft Mining
27:57 Chain Mail Armor
29:11 Siege Engineers
28:28 Onager
30:09 Two-Man Saw
29:48 Conscription
28:53 Pikeman
29:34 Squires
29:32 Halberdier
30:22 Siege Onager
30:23 Halberdier
31:49 Plate Mail Armor
P4tr1ckLML
0:45 Loom
14:21 Feudal Age
19:34 Double-Bit Axe
26:12 Castle Age
24:47 Horse Collar
25:03 Fishing Lines
26:42 Bloodlines
27:58 Heavy Plow
28:27 Padded Archer Armor
riley.pashen12
0:36 Loom
12:03 Feudal Age
13:16 Double-Bit Axe
19:13 Castle Age
17:08 Gold Mining
22:54 Bow Saw
24:42 Fishing Lines
25:28 Gillnets
30:55 Imperial Age
28:51 Stone Mining
30:35 Wheelbarrow
29:46 Town Watch
30:46 Stone Shaft Mining
30:21 Fletching
30:31 Padded Archer Armor
31:16 Bodkin Arrow
32:52 Chemistry
32:11 Leather Archer Armor
Chigüiro
13:45 Feudal Age
16:43 Loom
19:28 Castle Age
17:57 Fletching
18:36 Gold Mining
19:32 Crossbowman
20:26 Bodkin Arrow
23:46 Padded Archer Armor
24:44 Double-Bit Axe
25:52 Thumb Ring
26:03 Thumb Ring
27:08 Leather Archer Armor
28:10 Ballistics
33:03 Imperial Age
KrazyHands
10:50 Feudal Age
14:25 Castle Age
12:20 Double-Bit Axe
14:55 Horse Collar
15:40 Bow Saw
24:24 Wheelbarrow
25:26 Hand Cart
25:11 Gold Mining
29:17 Imperial Age
28:04 Gold Shaft Mining
27:31 Heavy Plow
27:24 Stone Mining
27:44 Loom
29:18 Onager
30:06 Siege Engineers
31:02 Chemistry
30:13 Masonry
30:08 Gambesons
29:44 Man-at-Arms
30:27 Scale Mail Armor
30:59 Furor Celtica
30:41 Long Swordsman
31:39 Chain Mail Armor
31:34 Forging
Connection lost

Rejoining the realm…

Still unreachable

The connection could not be restored.

Session expired

The server has moved on; the page needs a fresh start.